 Dungeon Crawl Stone Soup version 0.28.0-53-g5a82cb258f (webtiles) character file.

Game seed: 12070083643052728575

15801 melloss the Covert (level 12, -6/60 HPs)
             Began as a Spriggan Enchanter on May 24, 2022.
             Was a High Priest of Kikubaaqudgha.
             Mangled by a seven-headed hydra (12 damage)
             ... on level 1 of the Lair of Beasts.
             The game lasted 01:31:05 (15328 turns).

melloss the Covert (Spriggan Enchanter)            Turns: 15328, Time: 01:31:06

Health: -6/60      AC:  5    Str:  4    XL:     12   Next: 4%
Magic:  28/28      EV: 25    Int: 23    God:    Kikubaaqudgha [*****.]
Gold:   232        SH:  0    Dex: 20    Spells: 23/34 levels left

rFire   . . .      SeeInvis +   a - +7 rapier of the Destroying Rat {freeze, Int+3}
rCold   . . .      Faith    .   (no shield)
rNeg    + . .      Spirit   .   M - +1 robe "Mihelerph" {rN+ Dex+3 Stlth+}
rPois   .          Reflect  .   F - +2 hat
rElec   .          Harm     .   (no cloak)
rCorr   .          Rampage  .   (gloves unavailable)
Will    ++...                   (boots unavailable)
Stlth   ++++++....              m - amulet of regeneration
HPRegen 1.00/turn               U - +4 ring of slaying
MPRegen 0.21/turn               x - ring of wizardry

@: very quick
A: very small, no large weapons, unfitting armour, see invisible, speed 3
a: Renounce Religion, Receive Corpses, Torment


You were on level 1 of the Lair of Beasts.
You worshipped Kikubaaqudgha.
Kikubaaqudgha was extremely pleased with you.
You visited 3 branches of the dungeon, and saw 13 of its levels.
You also visited: Bailey.

You collected 566 gold pieces.
You spent 334 gold pieces at shops.

Inventory:

Hand Weapons
 a - the +7 rapier of the Destroying Rat (weapon) {freeze, Int+3}
   (You found it on level 6 of the Dungeon)

   It freezes those it strikes, dealing additional cold damage.
   It can also slow down cold-blooded creatures.
   Int:       It affects your intelligence (+3).
 b - a +0 arbalest of freezing
 r - a +1 hand axe of flaming
 y - a +1 dagger
 I - a +0 vorpal hunting sling
 T - a +1 short sword of venom
Missiles
 f - 19 poisoned darts (quivered)
 u - a curare-tipped dart
 w - a throwing net
 J - 23 sling bullets
 L - 300 bolts
Armour
 h - a +0 buckler
 F - a +2 hat (worn)
 K - a +0 robe
 M - the +1 robe "Mihelerph" (worn) {rN+ Dex+3 Stlth+}
   (You bought it in a shop on level 8 of the Dungeon)

   Dex:       It affects your dexterity (+3).
   rN:        It protects you from negative energy.
   Stlth:     It makes you more stealthy.
Jewellery
 m - an amulet of regeneration (around neck)
 n - a ring of flight
 p - an amulet of reflection
 x - a ring of wizardry (right hand)
 G - a +4 ring of evasion
 U - a +4 ring of slaying (left hand)
Wands
 t - a wand of paralysis (15)
 E - a wand of mindburst (8)
 H - a wand of polymorph (1)
 N - a wand of flame (36)
Scrolls
 c - 2 scrolls of enchant armour
 d - a scroll of immolation {unknown}
 e - 5 scrolls of teleportation
 g - 2 scrolls of fear
 j - 2 scrolls of identify
 z - a scroll of silence {unknown}
 C - a scroll of vulnerability {unknown}
 D - 3 scrolls of noise {unknown}
 P - a scroll of amnesia {unknown}
 Q - 2 scrolls of enchant weapon {unknown}
 R - 2 scrolls of blinking {unknown}
 S - a scroll of summoning {unknown}
Potions
 i - 2 potions of lignification
 k - 2 potions of heal wounds
 l - 3 potions of brilliance
 o - 4 potions of curing
 q - a potion of berserk rage {unknown}
 s - a potion of attraction {unknown}
 v - 3 potions of might
 A - a potion of mutation {unknown}
 B - a potion of haste {unknown}
 O - 8 potions of ambrosia


   Skills:
 - Level 5.0 Fighting
 - Level 5.0 Short Blades
 - Level 10.0 Dodging
 + Level 12.3 Stealth
 + Level 11.5 Spellcasting
 + Level 3.9 Conjurations
 - Level 5.0 Hexes
 - Level 5.0 Necromancy
 - Level 5.0 Ice Magic
 - Level 5.0 Air Magic


You had 23 spell levels left.
You knew the following spells:

 Your Spells              Type           Power      Damage    Failure   Level
a - Shock                 Conj/Air       100%       1d9       1%          1
b - Ensorcelled Hibernat  Hex/Ice        72%        N/A       1%          2
c - Confusing Touch       Hex            36%        N/A       1%          3
d - Airstrike             Air            18%        N/A       2%          4
e - Magic Dart            Conj           100%       1d8       1%          1

Your spell library contained the following spells:

 Spells                   Type           Power      Damage    Failure   Level
 Animate Skeleton         Necr           72%        N/A       1%          1
 Slow                     Hex            100%       N/A       1%          1
 Corpse Rot               Necr/Air       72%        N/A       1%          2
 Dazzling Flash           Conj/Hex       66%        N/A       1%          3
 Mephitic Cloud           Conj/Pois/Air  27%        N/A       1%          3
 Swiftness                Air            36%        N/A       1%          3
 Tukima's Dance           Hex            36%        N/A       1%          3
 Vampiric Draining        Necr           36%        2d8       1%          3
 Animate Dead             Necr           18%        N/A       2%          4
 Dispel Undead            Necr           36%        3d15      2%          4
 Call Imp                 Summ           13%        N/A       3%          2
 Agony                    Necr           36%        N/A       7%          5
 Excruciating Wounds      Necr           18%        N/A       7%          5
 Silence                  Hex/Air        18%        N/A       7%          5
 Passage of Golubria      Tloc           13%        N/A       19%         4
 Borgnjor's Vile Clutch   Necr/Erth      12%        N/A       19%         5
 Simulacrum               Ice/Necr       18%        N/A       34%         6
 Lehudib's Crystal Spear  Conj/Erth      11%        10d4      100%        8


Dungeon Overview and Level Annotations

Branches:
Dungeon (11/15)            Temple (1/1) D:6            Lair (1/6) D:11
    Orc (0/2) D:11         Bailey (visited)

Altars:
Ashenzari
Cheibriados
Dithmenos
Elyvilon
Fedhas
Gozag
Hepliaklqana
Kikubaaqudgha
Makhleb
Nemelex Xobeh
Okawaru
Qazlal
Ru
Sif Muna
Trog
Uskayaw
Vehumet
Wu Jian
Xom
Yredelemnul
Zin
The Shining One
Jiyva

Shops:
D:4 :   D:8 =[   D:11 *

Annotations:
D:3 1 runed translucent door, Zeld's ghost, weakling DEFE


Innate Abilities, Weirdness & Mutations

You are very small and have problems with some larger weapons.
You are too small for most types of armour.
You have supernaturally acute eyesight. (SInv)
You cover ground extremely quickly. (Speed+++)


Message History

The yak misses you.
Casting: Ensorcelled Hibernation (safe; 1% risk of failure)
Confirm with . or Enter, or press ? or * to list all spells.
Aiming: Ensorcelled Hibernation (safe; 1% risk of failure)
Press: ? - help, Shift-Dir - straight line, f/p - yak
Aim: a yak (chance to affect: 64%)
The yak resists with significant effort.
The yak closely misses you. The blink frog completely misses you.
The blink frog closely misses you.
You closely miss the blink frog.
The blink frog is lightly wounded.
The blink frog hits you!
The blink frog hits you but does no damage.
The blink frog hits you!
The blink frog blinks!
The blink frog blinks!
There is a staircase back to the Dungeon here.
You climb upwards.
Welcome back to the Dungeon!
There is a staircase to the Lair here.
You start resting.
Magic restored.
You climb downwards.
Welcome back to the Lair of Beasts!
The seven-headed hydra completely misses you.
The seven-headed hydra closely misses you.
The seven-headed hydra bites you!
The seven-headed hydra closely misses you.
The seven-headed hydra barely misses you.
The seven-headed hydra bites you! The seven-headed hydra bites you.
The blink frog misses you. The yak gores you.
The seven-headed hydra completely misses you.
The seven-headed hydra barely misses you.
The seven-headed hydra misses you. The seven-headed hydra bites you!
* * * LOW HITPOINT WARNING * * *
The seven-headed hydra bites you!
* * * LOW HITPOINT WARNING * * *
The seven-headed hydra completely misses you.
The seven-headed hydra bites you!
You die...
Kikubaaqudgha rasps: "You have failed me!
Welcome... death!"

..#..^#...###..........
...........##..........#
...#........##...........
..........................
.............Y....#.......
................##........
.................####.....
.....$..FD........####....
.........@..........###..†
.........Y.........## ##†.
..................## ##.
.................## ##
.................# #
#..............#.# #
...............### #
........(.....#.#
..$..........###.#


You could see a seven-headed hydra, 2 yaks and a blink frog.

Vanquished Creatures
  A hydra (D:10)
  A two-headed ogre (D:11)
  Urug (D:11)
  Nergalle (D:11)
  2 orc knights
  A cyclops (D:11)
  Maurice (D:8)
  Joseph (D:8)
  A gargoyle (D:10)
  A kobold demonologist (D:9)
  A queen bee (D:10)
  2 blink frogs (Lair:1)
  A meliai zombie (D:11)
  4 wyverns
  A shadow (D:11)
  4 yaks
  2 wraiths
  A basilisk (D:11)
  Grum (D:8)
  Menkaure (D:6)
  4 water moccasins
  14 orc warriors
  2 sky beasts
  An ice beast (D:7)
  2 black bears
  A hornet zombie (D:7)
  A necrophage (D:7)
  2 ogres
  9 centaurs
  4 wolves (D:8)
  3 kobold brigands
  A gnoll sergeant (D:6)
  A scorpion (D:5)
  2 bullfrogs
  2 water moccasin skeletons
  37 killer bees
  10 wights
  A howler monkey (D:10)
  3 electric eels (D:11)
  4 centaur zombies
  5 hounds
  13 orc priests
  A centaur skeleton (D:6)
  3 jellies
  2 bullfrog skeletons
  3 iguanas
  7 orc wizards
  2 hound skeletons
  4 gnolls (D:6)
  A howler monkey zombie (D:9)
  2 howler monkey skeletons
  8 adders
  2 shadow imps
  A white imp (D:6)
  2 adder skeletons (D:4)
  2 worms
  5 dart slugs
  61 orcs
  8 endoplasms
  5 giant cockroaches
  6 goblins
  7 hobgoblins
  11 jackals
  17 kobolds
  3 quokkas
  7 ball pythons
  2 bats (D:1)
  A frilled lizard (D:3)
  7 rats
  A spectral hobgoblin (D:3)
332 creatures vanquished.

Vanquished Creatures (others)
  4 plants
4 creatures vanquished.

Grand Total: 336 creatures vanquished

Notes
Turn   | Place    | Note
-------+----------+-------------------------------------------
     0 | D:1      | melloss the Spriggan Enchanter began the quest for the Orb.
     0 | D:1      | Reached XP level 1. HP: 9/9 MP: 5/5
   271 | D:1      | Reached XP level 2. HP: 5/13 MP: 6/6
   325 | D:2      | Reached skill level 5 in Stealth
   328 | D:2      | Learned a level 2 spell: Ensorcelled Hibernation
   330 | D:2      | Learned a level 1 spell: Shock
  1095 | D:1      | Reached XP level 3. HP: 16/16 MP: 5/8
  1859 | D:2      | Reached skill level 6 in Stealth
  1985 | D:2      | Reached XP level 4. HP: 8/21 MP: 7/9
  3204 | D:3      | Found a runed translucent door.
  3209 | D:3      | Noticed Zeld's ghost (weakling DEFE)
  3224 | D:3      | Found a bloodstained altar of Trog.
  3308 | D:3      | Found a faded altar of an unknown god.
  3703 | D:3      | Reached skill level 7 in Stealth
  3703 | D:3      | Reached XP level 5. HP: 24/24 MP: 2/10
  3904 | D:4      | Found Muedic's Book Emporium.
  3926 | D:4      | Noticed a water moccasin
  3931 | D:4      | Killed a water moccasin
  3932 | D:4      | Reached skill level 8 in Stealth
  4062 | D:4      | Reached XP level 6. HP: 28/28 MP: 11/11
  4272 | D:4      | Reached skill level 5 in Short Blades
  4353 | D:4      | Reached skill level 1 in Ice Magic
  4474 | D:4      | Found an ancient bone altar of Kikubaaqudgha.
  4874 | D:4      | Found a blossoming altar of Fedhas.
  4937 | D:4      | Found a glowing golden altar of the Shining One.
  4938 | D:4      | Found a burning altar of Makhleb.
  4945 | D:4      | Found a basalt altar of Yredelemnul.
  4945 | D:4      | Found a glowing silver altar of Zin.
  5075 | D:4      | Reached XP level 7. HP: 24/32 MP: 5/15
  5394 | D:5      | Entered Level 5 of the Dungeon
  5423 | D:5      | Reached skill level 5 in Spellcasting
  5634 | D:5      | Reached skill level 1 in Fighting
  5859 | D:5      | Reached XP level 8. HP: 34/37 MP: 13/18
  6541 | D:6      | Found a staircase to the Ecumenical Temple.
  6563 | Temple   | Entered the Ecumenical Temple
  6911 | D:4      | Became a worshipper of Kikubaaqudgha
  7546 | D:5      | Learned a level 3 spell: Confusing Touch
  7764 | D:6      | Noticed Menkaure
  7767 | D:6      | Identified the +7 rapier of the Destroying Rat {freeze,
                  | Int+3}
  7838 | D:6      | Killed Menkaure
  7839 | D:6      | Reached skill level 1 in Necromancy
  8093 | D:7      | Reached XP level 9. HP: 32/44 MP: 19/22
  8362 | D:7      | Reached skill level 5 in Ice Magic
  8608 | D:7      | Reached * piety under Kikubaaqudgha
  8608 | D:7      | Received a gift from Kikubaaqudgha
  8848 | D:7      | Reached skill level 1 in Air Magic
  8919 | D:8      | Reached skill level 9 in Stealth
  9024 | D:8      | Found Vuisi's Jewellery Boutique.
  9051 | D:8      | Noticed Maurice
  9101 | D:8      | Killed Maurice
  9109 | D:8      | Found a shimmering blue altar of Sif Muna.
  9120 | D:8      | Found a stormy altar of Qazlal.
  9138 | D:8      | Reached skill level 10 in Stealth
  9156 | D:8      | Noticed Joseph
  9161 | D:8      | Killed Joseph
  9192 | D:8      | Noticed Grum
  9206 | D:8      | Killed Grum
  9239 | D:8      | Reached skill level 5 in Fighting
  9239 | D:8      | Reached XP level 10. HP: 33/51 MP: 18/23
  9255 | D:8      | Reached skill level 11 in Stealth
  9329 | D:8      | Found a flagged portal.
  9337 | Bailey   | Entered a bailey
  9482 | Bailey   | Reached ** piety under Kikubaaqudgha
  9779 | Bailey   | Noticed an orc knight
  9915 | Bailey   | Killed an orc knight
  9916 | Bailey   | Reached skill level 12 in Stealth
 10311 | D:8      | Found Ozuocisi's Antique Armour Shoppe.
 10314 | D:8      | Bought a transparent robe for 136 gold pieces
 10314 | D:8      | Identified the +1 robe "Mihelerph" {rN+ Dex+3 Stlth+} (You
                  | bought it in a shop on level 8 of the Dungeon)
 10535 | D:9      | Noticed a sixfirhy
 10712 | D:9      | Reached skill level 5 in Necromancy
 10786 | D:9      | HP: 1/51 [orc warrior/+0 long sword (17)]
 10796 | D:9      | Reached skill level 5 in Air Magic
 11232 | D:10     | Entered Level 10 of the Dungeon
 11347 | D:10     | Reached skill level 5 in Dodging
 11370 | D:10     | Reached *** piety under Kikubaaqudgha
 11370 | D:10     | Received a gift from Kikubaaqudgha
 11522 | D:10     | Noticed an eight-headed hydra
 11559 | D:10     | Killed an eight-headed hydra
 11598 | D:10     | Noticed a gargoyle
 11625 | D:10     | HP: 1/51 [gargoyle/stone arrow (25)]
 11737 | D:10     | Reached XP level 11. HP: 50/55 MP: 19/25
 12039 | D:10     | Learned a level 4 spell: Airstrike
 12374 | D:10     | Found a snail-covered altar of Cheibriados.
 12461 | D:10     | Reached **** piety under Kikubaaqudgha
 12611 | D:10     | Found a shadowy altar of Dithmenos.
 12928 | D:4      | Bought a book of Minor Magic for 198 gold pieces
 12930 | D:4      | Learned a level 1 spell: Magic Dart
 13118 | D:11     | Noticed Urug
 13130 | D:11     | Killed Urug
 13219 | D:11     | Reached skill level 1 in Conjurations
 13452 | D:11     | Reached skill level 10 in Spellcasting
 13641 | D:11     | Found a staircase to the Lair.
 13712 | D:11     | Reached skill level 10 in Dodging
 13795 | D:11     | Noticed Nergalle
 13801 | D:11     | Killed Nergalle
 13802 | D:11     | Reached skill level 5 in Hexes
 13950 | D:11     | Reached ***** piety under Kikubaaqudgha
 13962 | D:11     | Noticed an orc knight
 14327 | D:11     | Found a staircase to the Orcish Mines.
 14441 | D:11     | Found Imacya's Mayhem Merchandise.
 14441 | D:11     | Noticed a two-headed ogre
 14553 | D:11     | Killed a two-headed ogre
 14741 | D:11     | Killed an orc knight
 15033 | Lair:1   | Entered Level 1 of the Lair of Beasts
 15177 | Lair:1   | Reached XP level 12. HP: 51/60 MP: 18/28
 15265 | Lair:1   | Noticed a seven-headed hydra
 15328 | Lair:1   | Mangled by a seven-headed hydra

Illustrated notes

Levels and vault maps discovered:
D:1:      minmay_arrival_split_and_join, layout_loops_cross,
          corexii_hall_statues_i
D:2:      layout_basic, minmay_misc_feat_rows
D:3:      layout_rooms, trog_book, dreamdust_ecumenical_altar_drowned_temple,
          ebering_ghost_sewer_d
D:4:      layout_gridville, fedhas_altar_1, grunt_temple_overflow_open,
          serial_shops, nicolae_stop_n_shop_2
D:5:      layout_loops_ring, kennysheep_small_circle
D:6:      layout_cave_pools, minmay_temple_entry_trees, uniq_menkaure
D:7:      layout_loops_cross, hangedman_abyss_or_decor_jellyfish_corner
D:8:      layout_gridville, mainiacjoe_overflow_large_starburst, serial_shops,
          nicolae_shop_behind_doors, nicolae_take_the_stairs, enter_bailey_1,
          kennysheep_another_room, uniq_grum, uniq_joseph, uniq_maurice
D:9:      layout_rooms, blue_anna_alchemist
D:10:     layout_basic, lemuel_crystal_altar, chei_slow_surprise, special_room
          [special_room_bee]
D:11:     layout_long_grid, david_lair_generic, erik_orc_2, minmay_shop_mayhem,
          uniq_urug, uniq_nergalle
Temple:   pf_slimified_temple
Lair:1:   layout_hall_layers, grunt_megastairs_2

Skill      XL: |  1  2  3  4  5  6  7  8  9 10 11 |
---------------+----------------------------------+-----
Stealth        | 5 6 7 8 10 12 | 12.3
Short Blades   | 2 3 4 5 |  5.0
Spellcasting   | 4 6 8 9 11 | 11.5
Ice Magic      | 2 3 4 5 |  5.0
Fighting       | 1 3 5 |  5.0
Necromancy     | 1 4 5 |  5.0
Air Magic      | 2 5 |  5.0
Dodging        | 7 10 | 10.0
Hexes          | 5 |  5.0
Conjurations   | 3 |  3.9

Action                   |  1- 3 |  4- 6 |  7- 9 | 10-12 || total
-------------------------+-------+-------+-------+-------++-------
Melee: Dagger            |   151 |   260 |   256 |       ||   667
       Punch             |     2 |     3 |     9 |     2 ||    16
       Rapier            |       |       |   165 |   383 ||   548
 Fire: Arbalest          |       |       |       |    55 ||    55
Throw: Dart              |       |       |       |     8 ||     8
 Cast: Ensorcelled Hiber |    15 |    49 |    71 |   112 ||   247
       Shock             |     1 |     6 |    35 |    38 ||    80
       Confusing Touch   |       |       |     1 |       ||     1
       Airstrike         |       |       |       |    41 ||    41
       Magic Dart        |       |       |       |     2 ||     2
Evoke: Wand              |       |       |       |     2 ||     2
  Use: Scroll            |     2 |       |       |     8 ||    10
       Potion            |     1 |       |     1 |     1 ||     3
 Stab: Sleeping          |    23 |    38 |    48 |    74 ||   183
       Distracted        |       |       |     1 |       ||     1
       Invisible         |       |       |       |     1 ||     1
Armor: Robe              |    11 |    13 |    43 |    43 ||   110
Dodge: Dodged            |   100 |   148 |   342 |   580 ||  1170
Block: Buckler           |     3 |       |       |       ||     3
